[Event "December 19 Late 2023"]
[Site "https://www.chess.com"]
[Date "2023.12.19"]
[Round "1"]
[White "Nakamura, Hikaru"]
[Black "Molenda, Marcin"]
[Result "1-0"]
[Board "1"]
[TimeControl "180+1"]
[WhiteFideId "2016192"]
[BlackFideId "1173065"]
[WhiteElo "2874"]
[BlackElo "2286"]
[WhiteTeam "USA"]
[BlackTeam "POL"]
[WhiteClock "0:01:51"]
[BlackClock "0:00:59"]

1. Nf3 Nf6 2. b3 g6 3. Bb2 Bg7 4. e3 O-O 5. d4 d6 6. Be2 Nfd7 7. c4 e5 8. Nc3 f5 9. dxe5 dxe5 10. e4 c6 11. O-O f4 12. Ba3 Rf7 13. Bd6 Qf6 14. c5 Na6 15. b4 g5 16. h4 h6 17. hxg5 hxg5 18. Bc4 g4 19. Nh2 Nf8 20. Nxg4 Qg5 21. Bxf7+ Kxf7 22. Nh2 Nxb4 23. Nf3 Qh5 24. Nxe5+ Qxe5 25. Bxe5 Bxe5 26. Qb3+ Be6 27. Qxb4 Rb8 28. Ne2 f3 29. Nd4 fxg2 30. Rfd1 Ng6 31. Nxe6 Kxe6 32. Kxg2 Kf6 33. Rd6+ 1-0

[Event "December 19 Late 2023"]
[Site "https://www.chess.com"]
[Date "2023.12.19"]
[Round "1"]
[White "Chylewski, Patryk"]
[Black "Lazavik, Denis"]
[Result "0-1"]
[Board "2"]
[TimeControl "180+1"]
[WhiteFideId "1186191"]
[BlackFideId "13515110"]
[WhiteElo "2176"]
[BlackElo "2556"]
[WhiteTeam "POL"]
[BlackTeam "BLR"]
[WhiteClock "0:00:04"]
[BlackClock "0:00:11"]

1. e4 c5 2. Nf3 e6 3. g3 Nc6 4. Bg2 Nf6 5. Qe2 e5 6. O-O Be7 7. c3 O-O 8. Rd1 d6 9. h3 Re8 10. d4 exd4 11. cxd4 Bf8 12. Nc3 Qb6 13. dxc5 dxc5 14. Qb5 Nxe4 15. Qxb6 axb6 16. Nd5 Rd8 17. Bf4 Be6 18. Nxb6 Rxa2 19. Ne5 Rxa1 20. Rxa1 Nxe5 21. Bxe5 f5 22. Re1 Bd6 23. Bxe4 fxe4 24. Rxe4 Bxh3 25. Nc4 Bxe5 26. Rxe5 b5 27. Na5 Rd2 28. b3 Rc2 29. Nb7 c4 30. bxc4 bxc4 31. Nd6 h6 32. Rc5 Be6 33. Kg2 Kf8 34. Kf3 Ke7 35. Ne4 Kd7 36. Ke3 Rc1 37. f4 Re1+ 38. Kd4 g6 39. Nf6+ Ke7 40. Ne4 Rd1+ 41. Ke5 Bf7 42. Rc7+ Rd7 43. Rc5 Ra7 44. Rc6 Ra5+ 45. Kd4 Be6 46. Rc7+ Kd8 47. Rc6 Kd7 48. Rd6+ Ke7 49. Rc6 Rd5+ 50. Ke3 Rd3+ 51. Ke2 Bd5 52. Rc7+ Kd8 53. Nf2 Kxc7 54. Nxd3 cxd3+ 55. Kxd3 h5 56. Ke3 Be6 57. f5 Bxf5 58. Kf4 Kd6 0-1

[Event "December 19 Late 2023"]
[Site "https://www.chess.com"]
[Date "2023.12.19"]
[Round "1"]
[White "Caruana, Fabiano"]
[Black "Bru Rullo, Llatzer"]
[Result "1-0"]
[Board "3"]
[TimeControl "180+1"]
[WhiteFideId "2020009"]
[BlackFideId "22219668"]
[WhiteElo "2815"]
[BlackElo "2190"]
[WhiteTeam "USA"]
[BlackTeam "ESP"]
[WhiteClock "0:02:20"]
[BlackClock "0:00:25"]

1. c4 c5 2. Nf3 Nf6 3. b3 b6 4. Bb2 Bb7 5. g3 g6 6. Bxf6 exf6 7. Bg2 Bg7 8. Nc3 O-O 9. O-O Nc6 10. Rc1 f5 11. e3 Ne7 12. d4 cxd4 13. exd4 d5 14. Ne5 Rc8 15. Re1 f6 16. Nd3 Bh6 17. Rc2 dxc4 18. Bxb7 cxd3 19. Qxd3 Rc7 20. Bf3 Qc8 21. d5 Rc5 22. d6 Nc6 23. d7 Qd8 24. Bxc6 1-0

[Event "December 19 Late 2023"]
[Site "https://www.chess.com"]
[Date "2023.12.19"]
[Round "1"]
[White "Tabuenca Mendataurigoitia, Daniel"]
[Black "Niemann, Hans Moke"]
[Result "0-1"]
[Board "4"]
[TimeControl "180+1"]
[WhiteFideId "24563617"]
[BlackFideId "2093596"]
[WhiteElo "2130"]
[BlackElo "2614"]
[WhiteTeam "ESP"]
[BlackTeam "USA"]
[WhiteClock "0:00:00"]
[BlackClock "0:01:06"]

1. Nf3 d5 2. g3 Nc6 3. d4 Bf5 4. c4 e6 5. cxd5 exd5 6. a3 Nf6 7. Bg2 Be7 8. O-O O-O 9. Nc3 Ne4 10. Qb3 Nxc3 11. Qxc3 Bf6 12. b4 Be4 13. e3 Ne7 14. a4 a6 15. Bd2 Nf5 16. b5 Nd6 17. Qb3 axb5 18. axb5 b6 19. Bb4 Qd7 20. Bxd6 Qxd6 21. Nd2 Bxg2 22. Kxg2 h5 23. h4 Qd7 24. Rfc1 Rfc8 25. Nf3 g6 26. Ne1 Rxa1 27. Rxa1 Qf5 28. Nd3 Qe4+ 29. Kg1 g5 30. hxg5 Bxg5 31. Nb4 Rd8 32. Qd3 Qg4 33. Qd1 Qh3 34. Qf3 h4 35. Qg2 Qg4 36. gxh4 Qxh4 37. f4 Rd6 38. Ra8+ Kg7 39. fxg5 Rg6 40. Kf1 Rxg5 41. Qf2 Qh3+ 42. Ke1 Qh1+ 43. Ke2 Rg2 44. Nd3 Rxf2+ 45. Kxf2 Qb1 46. Nf4 Qxb5 47. Rd8 c6 48. Rd7 Qb1 49. Ne6+ Kf6 50. Nf4 Qc2+ 51. Kg3 b5 52. Rd6+ Ke7 53. Rh6 b4 0-1

[Event "December 19 Late 2023"]
[Site "https://www.chess.com"]
[Date "2023.12.19"]
[Round "1"]
[White "Duda, Jan-Krzysztof"]
[Black "Kepeshchuk, Mykhaylo"]
[Result "1-0"]
[Board "5"]
[TimeControl "180+1"]
[WhiteFideId "1170546"]
[BlackFideId "14113139"]
[WhiteElo "2775"]
[BlackElo "2279"]
[WhiteTeam "POL"]
[BlackTeam "UKR"]
[WhiteClock "0:00:34"]
[BlackClock "0:00:02"]

1. e4 c5 2. Nf3 d6 3. Bc4 Nf6 4. d3 Nc6 5. O-O a6 6. a4 g6 7. c3 Bg4 8. Bb3 Bg7 9. Nbd2 O-O 10. h3 Bxf3 11. Nxf3 Rb8 12. Re1 b5 13. axb5 axb5 14. d4 b4 15. Ba4 Qb6 16. Bg5 h6 17. Bh4 Rfd8 18. Rc1 Rb7 19. d5 Ne5 20. Nxe5 dxe5 21. b3 Ne8 22. cxb4 cxb4 23. Bxe8 Rxe8 24. Rc6 Qa7 25. Qc2 Kh7 26. Rc1 Reb8 27. Kh2 g5 28. Bg3 Bf6 29. f3 Kg7 30. Qb2 Qa5 31. Bxe5 1-0

[Event "December 19 Late 2023"]
[Site "https://www.chess.com"]
[Date "2023.12.19"]
[Round "1"]
[White "Pham, Le Thao Nguyen"]
[Black "Fedoseev, Vladimir"]
[Result "0-1"]
[Board "6"]
[TimeControl "180+1"]
[WhiteFideId "12401226"]
[BlackFideId "24130737"]
[WhiteElo "2261"]
[BlackElo "2719"]
[WhiteTeam "VIE"]
[BlackTeam "SLO"]
[WhiteClock "0:00:00"]
[BlackClock "0:00:19"]

1. d4 d5 2. c4 e6 3. Nc3 Bb4 4. Qb3 Nc6 5. e3 Nf6 6. a3 Be7 7. Nf3 O-O 8. Qc2 a5 9. b3 b6 10. Bb2 Bb7 11. Be2 Nb8 12. O-O Nbd7 13. Rfd1 Rc8 14. cxd5 Nxd5 15. Nxd5 Bxd5 16. e4 Bb7 17. Bd3 g6 18. Qe2 Bf6 19. Ba6 Bxa6 20. Qxa6 c5 21. e5 Bg7 22. d5 exd5 23. Rxd5 Qc7 24. Rad1 Nb8 25. Qc4 Qb7 26. h3 b5 27. Qe2 Rfe8 28. Qc2 c4 29. bxc4 bxc4 30. Bc3 Qb3 31. Qc1 Nc6 32. Rd7 Nxe5 33. Nxe5 Bxe5 34. Bxe5 Rxe5 35. Qf4 Rf5 36. Qh6 Qb8 37. Qh4 Kg7 38. g4 Rf4 39. Qg3 c3 0-1

[Event "December 19 Late 2023"]
[Site "https://www.chess.com"]
[Date "2023.12.19"]
[Round "1"]
[White "Bluebaum, Matthias"]
[Black "Viana Da Costa, Fernando"]
[Result "1-0"]
[Board "7"]
[TimeControl "180+1"]
[WhiteFideId "24651516"]
[BlackFideId "2111900"]
[WhiteElo "2621"]
[BlackElo "2221"]
[WhiteTeam "GER"]
[BlackTeam "BRA"]
[WhiteClock "0:01:43"]
[BlackClock "0:00:01"]

1. d4 Nf6 2. c4 e6 3. Nc3 Bb4 4. e3 O-O 5. Bd2 d5 6. Nf3 c5 7. a3 Bxc3 8. Bxc3 cxd4 9. Nxd4 Nc6 10. cxd5 Nxd5 11. Nxc6 bxc6 12. Qc2 Nxc3 13. Qxc3 Qb6 14. Be2 c5 15. O-O Bb7 16. Rfd1 Rfd8 17. Rac1 h6 18. h3 Rac8 19. Bf1 Bd5 20. Rd2 c4 21. Rcd1 Rf8 22. Rd4 Rb8 23. Bxc4 Bxc4 24. Rxc4 Qxb2 25. Qxb2 Rxb2 26. Rd7 a6 27. Ra7 Rb6 28. Rcc7 g5 29. a4 Kg7 30. a5 Rd6 31. g4 Kg6 32. Kg2 Kf6 33. Rcb7 Kg6 34. Rb6 Rfd8 35. Raxa6 Rd2 36. Ra7 Ra2 37. Rbb7 f5 38. Rg7+ Kf6 39. Raf7+ Ke5 40. gxf5 exf5 41. Rg6 Rdd2 42. Re7+ Kd5 43. Rd7+ Ke5 44. Rxd2 Rxd2 45. Rxh6 Ra2 46. a6 f4 47. Kf3 fxe3 48. fxe3 Kf5 49. Rb6 Ra4 50. e4+ Ke5 51. Kg4 Rxe4+ 52. Kxg5 Re1 53. a7 Rg1+ 54. Kh6 Ra1 55. Rb7 Kf6 56. h4 Kf5 57. h5 Kf6 58. Kh7 Ke6 59. h6 Kf6 60. Kg8 1-0

[Event "December 19 Late 2023"]
[Site "https://www.chess.com"]
[Date "2023.12.19"]
[Round "1"]
[White "Serban, Cristian-Stefan"]
[Black "Shimanov, Aleksandr"]
[Result "1-0"]
[Board "8"]
[TimeControl "180+1"]
[WhiteFideId "1241443"]
[BlackFideId "4198603"]
[WhiteElo "2040"]
[BlackElo "2611"]
[WhiteTeam "ROU"]
[BlackTeam "RUS"]
[WhiteClock "0:00:07"]
[BlackClock "0:00:40"]

1. d4 g6 2. e4 Bg7 3. Nc3 a6 4. f4 b5 5. Nf3 Bb7 6. Bd3 d6 7. Be3 Nd7 8. O-O c5 9. dxc5 dxc5 10. e5 Nh6 11. Be4 Bxe4 12. Nxe4 Rc8 13. Qd5 O-O 14. e6 Nf6 15. exf7+ Nxf7 16. Qxd8 Rfxd8 17. Nxf6+ Bxf6 18. c3 Nd6 19. Rad1 c4 20. Bd4 Ne4 21. Rfe1 Nc5 22. Bxc5 Rxd1 23. Rxd1 Rxc5 24. Rd8+ Kf7 25. Ra8 Rc6 26. a3 Ke6 27. Kf2 Kd5 28. Ke3 Re6+ 29. Kd2 Rd6 30. Ke3 Re6+ 31. Kd2 Ke4 32. Ng5+ Bxg5 33. fxg5 Kf5 34. Rh8 Rd6+ 35. Ke2 Kxg5 36. Rxh7 e5 37. Re7 Kf4 38. g3+ Ke4 39. h4 Rf6 40. Ra7 Rf3 41. Rxa6 Rxg3 42. Rb6 Rg2+ 43. Kd1 Kd3 44. Rd6+ Ke3 45. Rd5 e4 46. Rxb5 Rf2 47. a4 Rf1+ 48. Kc2 Rf2+ 49. Kd1 Rf1+ 50. Kc2 Ra1 51. a5 Ke2 52. Re5 e3 53. b4 Kf3 54. Kb2 Rd1 55. a6 e2 56. a7 Rd2+ 57. Ka3 Rd8 58. b5 Rd5 59. Rxe2 Kxe2 60. b6 Rb5 61. a8=Q Rxb6 62. Qe4+ Kf1 63. Qxc4+ Kg2 64. Qd4 Ra6+ 65. Kb4 Ra8 66. c4 Rb8+ 67. Kc3 Rf8 68. c5 Kg3 69. c6 1-0

[Event "December 19 Late 2023"]
[Site "https://www.chess.com"]
[Date "2023.12.19"]
[Round "1"]
[White "Tikhonov, Viacheslav"]
[Black "Keymer, Vincent"]
[Result "0-1"]
[Board "10"]
[TimeControl "180+1"]
[WhiteFideId "44196407"]
[BlackFideId "12940690"]
[WhiteElo "2209"]
[BlackElo "2629"]
[WhiteTeam "RUS"]
[BlackTeam "GER"]
[WhiteClock "0:00:07"]
[BlackClock "0:02:06"]

1. e4 c6 2. d4 d5 3. exd5 cxd5 4. Bd3 Nf6 5. h3 Nc6 6. c3 e5 7. dxe5 Nxe5 8. Nf3 Nxd3+ 9. Qxd3 Bd6 10. O-O O-O 11. Bg5 h6 12. Be3 Bc7 13. Nbd2 Re8 14. Rfe1 Qd6 15. Bd4 Bd7 16. Be5 Qb6 17. Bxc7 Qxc7 18. Nd4 Qb6 19. b3 Rac8 20. Rac1 Rxe1+ 21. Rxe1 Qa5 22. Nf5 Qxc3 23. Ne7+ Kf8 24. Qxc3 Rxc3 25. g4 Rc2 26. Nf3 Rxa2 27. Nd4 Rd2 28. Nef5 g6 29. Nxh6 Rxd4 30. g5 Ne4 31. f3 Nxg5 32. Kf2 Rf4 33. Kg3 Rxf3+ 34. Kg2 Bxh3+ 35. Kh1 Kg7 36. Nxf7 Nxf7 37. b4 Rf1+ 38. Rxf1 Bxf1 39. Kg1 Bb5 40. Kf2 Kf6 41. Ke3 Ke5 42. Kd2 d4 43. Kc2 Nd6 44. Kb2 Ne4 45. Ka3 d3 46. Kb2 d2 47. Ka3 Kd4 48. Ka2 d1=Q 49. Kb2 Kd3 0-1

[Event "December 19 Late 2023"]
[Site "https://www.chess.com"]
[Date "2023.12.19"]
[Round "1"]
[White "Van Foreest, Jorden"]
[Black "GoldenShare"]
[Result "1-0"]
[Board "11"]
[TimeControl "180+1"]
[WhiteFideId "1039784"]
[WhiteElo "2664"]
[BlackElo "2502"]
[WhiteTeam "NED"]
[WhiteClock "0:00:49"]
[BlackClock "0:00:03"]

1. e4 c6 2. Nc3 d5 3. Nf3 dxe4 4. Nxe4 Nf6 5. Qe2 Nxe4 6. Qxe4 Qd5 7. Qxd5 cxd5 8. d4 Nc6 9. c3 Bg4 10. Be2 e6 11. h3 Bh5 12. Bf4 Be7 13. a4 O-O 14. a5 f6 15. a6 bxa6 16. Rxa6 Rfc8 17. Bb5 Be8 18. O-O Nb4 19. Bxe8 Nxa6 20. Bd7 Nc7 21. Bxc8 Rxc8 22. Ra1 Nb5 23. Ra5 Bd6 24. Bxd6 Nxd6 25. Rxa7 Rb8 26. Ra6 Ne4 27. Ra2 g5 28. Kf1 h5 29. Ke2 g4 30. Nd2 Nd6 31. hxg4 hxg4 32. Ra6 Rd8 33. Nb3 Kf7 34. Nc5 e5 35. Ra7+ Kg6 36. Rd7 Rxd7 37. Nxd7 exd4 38. cxd4 Kf5 39. Nc5 Nb5 40. Ke3 g3 41. fxg3 Kg4 42. Nd7 f5 43. Nf6+ Kxg3 44. Nxd5 Nd6 45. b3 Kxg2 46. Kf4 Nb5 47. Ne3+ Kf2 48. Nxf5 Ke2 49. Ke4 Kd2 50. Kd5 Kc3 51. Kc5 Nc7 52. Kc6 Na6 53. Kb5 Nc7+ 54. Ka4 Nd5 55. Ka3 Nb4 56. Ne3 Nc2+ 57. Nxc2 1-0

[Event "December 19 Late 2023"]
[Site "https://www.chess.com"]
[Date "2023.12.19"]
[Round "1"]
[White "Cervantes Landeiro, Thalia"]
[Black "Sarana, Alexey"]
[Result "0-1"]
[Board "12"]
[TimeControl "180+1"]
[WhiteFideId "3520498"]
[BlackFideId "24133795"]
[WhiteElo "2189"]
[BlackElo "2707"]
[WhiteTeam "USA"]
[BlackTeam "SRB"]
[WhiteClock "0:00:00"]
[BlackClock "0:02:05"]

1. d4 Nf6 2. c4 e6 3. Nf3 d5 4. Nc3 Nbd7 5. cxd5 exd5 6. Bg5 c6 7. e3 h6 8. Bh4 g5 9. Bg3 Nh5 10. Bd3 Nxg3 11. hxg3 Nb6 12. Qc2 Be6 13. O-O-O Qe7 14. Kb1 O-O-O 15. Rhe1 Kb8 16. e4 dxe4 17. Bxe4 Qf6 18. Ne5 Bd6 19. Na4 Bxe5 20. dxe5 Rxd1+ 21. Qxd1 Qxf2 22. Qd6+ Ka8 23. Nxb6+ Qxb6 24. Rd1 a6 25. Bc2 Re8 26. Ka1 Qa5 27. a3 Qb5 28. Kb1 Qc4 29. b3 Qe2 30. Be4 Qxe4+ 0-1

[Event "December 19 Late 2023"]
[Site "https://www.chess.com"]
[Date "2023.12.19"]
[Round "1"]
[White "Paravyan, David"]
[Black "Sadovsky, Artem"]
[Result "1/2-1/2"]
[Board "13"]
[TimeControl "180+1"]
[WhiteFideId "4194985"]
[BlackFideId "4155840"]
[WhiteElo "2566"]
[BlackElo "2314"]
[WhiteTeam "FID"]
[BlackTeam "FID"]
[WhiteClock "0:00:08"]
[BlackClock "0:00:09"]

1. e4 g6 2. d4 Bg7 3. Nf3 c6 4. h3 d5 5. e5 h5 6. Bd3 Nh6 7. Nc3 Bf5 8. Bxh6 Rxh6 9. Bxf5 gxf5 10. Qd3 e6 11. O-O-O Nd7 12. Rhg1 Nf8 13. g4 hxg4 14. hxg4 fxg4 15. Rxg4 Ng6 16. Ng5 Qe7 17. Rdg1 Bxe5 18. Nxf7 Qxf7 19. Rxg6 Rxg6 20. Rxg6 Bf4+ 21. Kb1 O-O-O 22. Ne2 Bc7 23. f4 Bxf4 24. Nxf4 Qxf4 25. Rxe6 Rf8 26. Re1 Qf2 27. Qd1 Rf4 28. c3 Rf8 29. a3 Qg2 30. Ka2 Kb8 31. Re7 Qg5 32. Qe2 Rc8 33. Qh2+ Ka8 34. Qc7 Rb8 35. a4 Qf5 36. a5 Qc8 37. Qd6 a6 38. Ka3 Qd8 39. Qc5 Qf8 40. Kb4 Rc8 41. b3 Re8 42. Rd7 Qxc5+ 43. Kxc5 Ka7 44. c4 dxc4 45. bxc4 Re2 46. d5 cxd5 47. cxd5 Rb2 48. d6 Rb5+ 49. Kc4 Rxa5 50. Re7 Kb6 51. d7 Kc7 52. d8=Q+ Kxd8 53. Rxb7 Ra1 54. Rb2 Kc7 55. Kb3 Kb6 56. Rh2 Rb1+ 57. Ka3 Rb5 58. Rh6+ Ka5 59. Rh2 Rc5 60. Rh3 Kb5 61. Rg3 a5 62. Rb3+ Ka6 63. Rh3 Kb5 64. Rb3+ Ka6 65. Rh3 Kb5 66. Rb3+ 1/2-1/2

[Event "December 19 Late 2023"]
[Site "https://www.chess.com"]
[Date "2023.12.19"]
[Round "1"]
[White "Benedetti, Julio"]
[Black "Drygalov, Andrey"]
[Result "1-0"]
[Board "14"]
[TimeControl "180+1"]
[WhiteFideId "172545"]
[BlackFideId "24171735"]
[WhiteElo "2299"]
[BlackElo "2477"]
[WhiteTeam "ARG"]
[BlackTeam "RUS"]
[WhiteClock "0:01:09"]
[BlackClock "0:00:11"]

1. e4 c5 2. Nc3 d6 3. f4 g6 4. Nf3 Bg7 5. Bc4 Nc6 6. d3 e6 7. f5 Nd4 8. O-O Ne7 9. fxe6 fxe6 10. Nxd4 cxd4 11. Ne2 Nc6 12. Nf4 Qe7 13. Nh3 Ne5 14. Bb3 h6 15. c3 Nf7 16. Qg4 Ne5 17. Qg3 dxc3 18. bxc3 g5 19. d4 Nf7 20. Ba3 Qc7 21. Rxf7 Qxf7 22. Rf1 Qh5 23. Qxd6 Qf7 24. Ba4+ 1-0

[Event "December 19 Late 2023"]
[Site "https://www.chess.com"]
[Date "2023.12.19"]
[Round "1"]
[White "Bortnyk, Mykola"]
[Black "Krzywda, Andrzej"]
[Result "1-0"]
[Board "15"]
[TimeControl "180+1"]
[WhiteFideId "14120836"]
[BlackFideId "1114565"]
[WhiteElo "2592"]
[BlackElo "2130"]
[WhiteTeam "UKR"]
[BlackTeam "POL"]
[WhiteClock "0:00:20"]
[BlackClock "0:00:18"]

1. e4 e5 2. Nf3 Nf6 3. d4 Nxe4 4. Nxe5 d5 5. Bd3 Bd6 6. O-O O-O 7. c4 c5 8. cxd5 Nf6 9. Bc2 cxd4 10. Qxd4 Bxe5 11. Qxe5 Qxd5 12. Qxd5 Nxd5 13. Rd1 Be6 14. Be4 Rc8 15. Bg5 h6 16. Bh4 f5 17. Bxd5 Bxd5 18. Nc3 Bc6 19. Bg3 Nd7 20. f3 Nc5 21. Nd5 Bxd5 22. Rxd5 g6 23. Re1 Na4 24. Rd7 Rd8 25. Rxb7 Nc5 26. Rc7 Nd3 27. Ree7 f4 28. Rg7+ Kh8 29. Rh7+ Kg8 30. Bf2 Nxf2 31. Kxf2 Rd2+ 32. Kf1 Re8 33. Rcg7+ Kf8 34. Rd7 Rxb2 35. Rh8# 1-0

[Event "December 19 Late 2023"]
[Site "https://www.chess.com"]
[Date "2023.12.19"]
[Round "1"]
[White "Rama, Tejas"]
[Black "Deac, Bogdan-Daniel"]
[Result "0-1"]
[Board "16"]
[TimeControl "180+1"]
[WhiteFideId "30907381"]
[BlackFideId "1226380"]
[WhiteElo "2089"]
[BlackElo "2641"]
[WhiteTeam "USA"]
[BlackTeam "ROU"]
[WhiteClock "0:00:06"]
[BlackClock "0:00:13"]

1. d4 Nf6 2. c4 g6 3. Nf3 Bg7 4. Nc3 O-O 5. e4 d6 6. Be2 e5 7. Be3 Bg4 8. dxe5 Bxf3 9. exf6 Bxe2 10. Qxe2 Qxf6 11. O-O Re8 12. Rad1 Nd7 13. Bd4 Qd8 14. Bxg7 Kxg7 15. f4 a5 16. Qf2 b6 17. Rd2 Qc8 18. Qd4+ f6 19. Nd5 Qd8 20. Rf3 Re6 21. Rdf2 Rc8 22. g4 c6 23. Nc3 Kg8 24. Kg2 Qe7 25. Rd2 Nc5 26. f5 Re5 27. Qxd6 g5 28. Qxe7 Rxe7 29. Re3 Kf7 30. Kf3 Nd7 31. b3 Ne5+ 32. Kg3 h5 33. h3 hxg4 34. hxg4 Rh8 35. Na4 Rb7 36. c5 b5 37. Nb6 Rh4 38. Rd6 Rxg4+ 39. Kf2 Rf4+ 40. Ke2 Rh4 41. Rd8 Rh2+ 42. Kf1 g4 43. Re2 Rh3 44. Kg2 Kg7 45. Re1 Kh6 46. Rh1 Rxh1 47. Kxh1 Kg5 48. Rf8 Rh7+ 49. Kg2 Kf4 50. Rxf6 g3 51. Rd6 Rh2+ 52. Kg1 Nf3+ 0-1

[Event "December 19 Late 2023"]
[Site "https://www.chess.com"]
[Date "2023.12.19"]
[Round "1"]
[White "Bortnyk, Olexandr"]
[Black "Medeiros Jr, Francisco De Assis"]
[Result "1/2-1/2"]
[Board "17"]
[TimeControl "180+1"]
[WhiteFideId "14120828"]
[BlackFideId "2114267"]
[WhiteElo "2731"]
[BlackElo "2022"]
[WhiteTeam "UKR"]
[BlackTeam "BRA"]
[WhiteClock "0:00:03"]
[BlackClock "0:00:15"]

1. e4 e5 2. Nf3 Nc6 3. Bb5 Nf6 4. Nc3 d6 5. d4 exd4 6. Nxd4 Bd7 7. O-O Be7 8. Bxc6 bxc6 9. Bg5 O-O 10. Re1 h6 11. Bh4 Re8 12. h3 Rb8 13. b3 Bf8 14. Qf3 g5 15. Bg3 Bg7 16. Nf5 Bxf5 17. exf5 Nd5 18. Nxd5 Bxa1 19. Rxa1 cxd5 20. Qxd5 Qf6 21. Rd1 Re7 22. f4 Rbe8 23. fxg5 hxg5 24. Rd4 Re3 25. Rg4 c6 26. Qxd6 Qxf5 27. Qxc6 Re2 28. Kh2 Kg7 29. Qc7 R8e7 30. Qc3+ Kh7 31. Bh4 R2e3 32. Qd2 Qe5+ 33. Bg3 Qf5 34. Qf2 Qxf2 35. Bxf2 Re2 36. Bc5 R7e5 37. Bxa7 Rxc2 38. a4 Ree2 39. Rxg5 Rb2 40. Rg3 f5 41. Bd4 Rbc2 42. Rg7+ Kh6 43. Rg8 f4 44. Rh8+ Kg6 45. Rg8+ Kh6 46. Rh8+ Kg6 47. Rg8+ Kh6 1/2-1/2

[Event "December 19 Late 2023"]
[Site "https://www.chess.com"]
[Date "2023.12.19"]
[Round "1"]
[White "Reprintsev, Alexander"]
[Black "Makarian, Rudik"]
[Result "1-0"]
[Board "18"]
[TimeControl "180+1"]
[WhiteFideId "14100541"]
[BlackFideId "44105681"]
[WhiteElo "2229"]
[BlackElo "2540"]
[WhiteTeam "UKR"]
[BlackTeam "FID"]
[WhiteClock "0:00:56"]
[BlackClock "0:00:21"]

1. e4 c5 2. b3 g6 3. Bb2 Nf6 4. e5 Nd5 5. Nc3 Nxc3 6. dxc3 Nc6 7. Qd5 Bg7 8. Nf3 b6 9. O-O-O Qc7 10. c4 Bb7 11. Qd2 O-O 12. Qe3 Nb4 13. a3 Bxf3 14. gxf3 Nc6 15. f4 e6 16. h4 Ne7 17. h5 Nf5 18. Qh3 Rfd8 19. hxg6 hxg6 20. Bg2 Rab8 21. Be4 b5 22. Bxf5 bxc4 23. Bxg6 fxg6 24. Rdg1 d5 25. Rxg6 Kf8 26. Rhg1 Rd7 27. Qxe6 d4 28. Rf6+ Rf7 29. Rxf7+ Qxf7 30. Qd6+ Qe7 31. Qxb8+ Kf7 32. Qd6 Qxd6 33. exd6 c3 34. Rxg7+ Kxg7 1-0

[Event "December 19 Late 2023"]
[Site "https://www.chess.com"]
[Date "2023.12.19"]
[Round "1"]
[White "Esipenko, Andrey"]
[Black "GirthyHuell"]
[Result "1-0"]
[Board "19"]
[TimeControl "180+1"]
[WhiteFideId "24175439"]
[WhiteElo "2615"]
[BlackElo "2489"]
[WhiteTeam "FID"]
[WhiteClock "0:01:02"]
[BlackClock "0:00:00"]

1. Nf3 c5 2. b3 e6 3. Bb2 Nf6 4. g3 d5 5. Bg2 Nc6 6. O-O h5 7. h3 a6 8. e3 Qc7 9. d4 Ne4 10. Nbd2 Nf6 11. c4 cxd4 12. Nxd4 Nxd4 13. Bxd4 Be7 14. Rc1 Qa5 15. Rc2 Rb8 16. Be5 Ra8 17. Qa1 b5 18. cxd5 exd5 19. Nf3 Bf5 20. Rc7 Bd8 21. Rc5 Bb6 22. Rc6 Bd7 23. Rcc1 Bd8 24. Bd6 Rg8 25. Qe5+ Be6 26. Nd4 Kd7 27. Nc6 Qb6 28. Nxd8 Qxd8 29. Rc7+ Ke8 30. Rfc1 g6 31. Ba3 Nh7 32. Bxd5 Qxd5 33. Re7+ Kf8 34. Rxe6+ 1-0

[Event "December 19 Late 2023"]
[Site "https://www.chess.com"]
[Date "2023.12.19"]
[Round "1"]
[White "Novikova, Galina"]
[Black "Ivic, Velimir"]
[Result "0-1"]
[Board "20"]
[TimeControl "180+1"]
[WhiteFideId "4157095"]
[BlackFideId "950122"]
[WhiteElo "1972"]
[BlackElo "2542"]
[WhiteTeam "RUS"]
[BlackTeam "SRB"]
[WhiteClock "0:00:07"]
[BlackClock "0:00:59"]

1. e4 c5 2. Nf3 Nc6 3. d4 cxd4 4. Nxd4 Nf6 5. Nc3 d6 6. Be2 e5 7. Nb3 Be7 8. Be3 Be6 9. Qd2 d5 10. exd5 Nxd5 11. Nxd5 Qxd5 12. O-O-O Qxd2+ 13. Rxd2 O-O 14. Nc5 Bxc5 15. Bxc5 Rfc8 16. a3 f6 17. Bf3 Kf7 18. Rhd1 Rc7 19. Be3 Rac8 20. Kb1 b6 21. Bd5 Bxd5 22. Rxd5 Ne7 23. Rd7 g5 24. Rxc7 Rxc7 25. Rd8 h5 26. a4 h4 27. h3 Nf5 28. b3 Ke7 29. Ra8 Nd6 30. Kb2 Nc8 31. b4 Kd7 32. b5 Nd6 33. Rh8 Ke6 34. Kb3 Nc4 35. Re8+ Kd5 36. Rh8 Ke4 37. Rf8 Nxe3 38. fxe3 f5 39. Rg8 Kxe3 40. Rxg5 Kf4 41. Rh5 e4 42. Rxh4+ Kg3 43. Rh5 f4 44. Re5 e3 45. Re4 Rf7 46. a5 Kxg2 47. c4 Kf2 48. axb6 axb6 49. Re6 e2 50. Rxb6 e1=Q 51. c5 Qe3+ 52. Kb4 Qd4+ 53. Ka5 Qxc5 54. Rc6 Ra7+ 55. Ra6 f3 56. Rxa7 Qxa7+ 57. Kb4 Qb6 0-1

[Event "December 19 Late 2023"]
[Site "https://www.chess.com"]
[Date "2023.12.19"]
[Round "1"]
[White "Daneshvar, Bardiya"]
[Black "Kanter, Eduard"]
[Result "1-0"]
[Board "21"]
[TimeControl "180+1"]
[WhiteFideId "12576468"]
[BlackFideId "4103963"]
[WhiteElo "2483"]
[BlackElo "2243"]
[WhiteTeam "IRI"]
[BlackTeam "RUS"]
[WhiteClock "0:00:04"]
[BlackClock "0:00:00"]

1. g3 g6 2. e4 Bg7 3. d4 d5 4. Bg2 dxe4 5. Ne2 Nf6 6. Nbc3 Bf5 7. h3 h5 8. Bg5 Nbd7 9. Qd2 c6 10. O-O-O Qa5 11. Kb1 Be6 12. a3 Qf5 13. Be3 a5 14. Nf4 Bd5 15. g4 hxg4 16. Nfxd5 cxd5 17. Nb5 O-O 18. hxg4 Nxg4 19. Bh3 Ndf6 20. Rdg1 Qd7 21. Qe2 Rfc8 22. Bxg4 Nxg4 23. Rxg4 Rc4 24. Nc3 b5 25. Rgh4 b4 26. Nxe4 bxa3 27. Nc5 Qb5 28. b3 Rxc5 29. Qd2 Rc6 30. Bh6 Bf6 31. Bg5 Bg7 32. Bxe7 a2+ 33. Kxa2 Rac8 34. Bc5 a4 35. b4 Qc4+ 36. Ka3 Rf6 37. R4h3 Re8 38. Rc3 Qb5 39. f3 Re2 40. Qd3 Qxd3 41. Rxd3 Rxc2 42. b5 Bf8 43. Bxf8 Kxf8 44. Kxa4 Ra2+ 45. Kb4 Rb2+ 46. Kc5 Ke7 47. Re1+ Kd7 48. Re5 Rc2+ 49. Kxd5 Rd6+ 50. Ke4 Re2+ 51. Kf4 g5+ 52. Rxg5 Rf6+ 53. Rf5 Rxf5+ 54. Kxf5 Kd6 55. Rb3 1-0

[Event "December 19 Late 2023"]
[Site "https://www.chess.com"]
[Date "2023.12.19"]
[Round "1"]
[White "Azali, Tannaz"]
[Black "Sanal, Vahap"]
[Result "0-1"]
[Board "22"]
[TimeControl "180+1"]
[WhiteFideId "12537721"]
[BlackFideId "6300545"]
[WhiteElo "1828"]
[BlackElo "2637"]
[WhiteTeam "IRI"]
[BlackTeam "TUR"]
[WhiteClock "0:00:08"]
[BlackClock "0:01:10"]

1. e4 d6 2. d4 Nf6 3. Nc3 e5 4. Nf3 Nbd7 5. Bc4 Be7 6. O-O O-O 7. Qe2 c6 8. a4 h6 9. h3 Re8 10. Rd1 exd4 11. Nxd4 Bf8 12. Bxf7+ Kxf7 13. Qc4+ d5 14. exd5 Nb6 15. Qb3 Nbxd5 16. Nxd5 cxd5 17. a5 Bd6 18. c4 Qe7 19. Be3 Qe5 20. Nf3 Qh5 21. Bd4 dxc4 22. Qxc4+ Be6 23. Qa4 Rad8 24. Rac1 Bd5 25. Bxf6 gxf6 26. Nd4 Qg5 27. g4 Qf4 28. Nf5 Qh2+ 0-1

[Event "December 19 Late 2023"]
[Site "https://www.chess.com"]
[Date "2023.12.19"]
[Round "1"]
[White "Grigoriants, Sergey"]
[Black "Nilsson, Joakim"]
[Result "1-0"]
[Board "23"]
[TimeControl "180+1"]
[WhiteFideId "4130804"]
[BlackFideId "1723383"]
[WhiteElo "2532"]
[BlackElo "2143"]
[WhiteTeam "HUN"]
[BlackTeam "SWE"]
[WhiteClock "0:00:13"]
[BlackClock "0:00:12"]

1. d4 Nf6 2. c4 e6 3. Bf4 Bb4+ 4. Nd2 O-O 5. a3 Bxd2+ 6. Qxd2 b6 7. Nf3 Bb7 8. e3 d6 9. h3 Nbd7 10. Be2 Qe7 11. O-O e5 12. Bh2 a5 13. b4 h6 14. Qb2 Rfe8 15. dxe5 Nxe5 16. Nxe5 dxe5 17. Rfd1 Ne4 18. Bf3 Nd6 19. Bxb7 Nxb7 20. Qc3 Nd6 21. Rac1 axb4 22. axb4 Ra2 23. Rc2 Rea8 24. Rxa2 Rxa2 25. Qxe5 Qxe5 26. Bxe5 Nxc4 27. Bxc7 Rb2 28. Rd8+ Kh7 29. Rd7 Kg6 30. Bxb6 Rxb4 31. Ba7 Rb1+ 32. Kh2 Rb2 33. Kg3 Nd2 34. Rd4 Nf1+ 35. Kf3 Nd2+ 36. Kf4 Nf1 37. Rd6+ Kh7 38. e4 f6 39. h4 Nd2 40. f3 Nc4 41. Rd4 Ne5 42. Kg3 h5 43. Bc5 Rc2 44. Bd6 Nc4 45. Bf4 Kg6 46. Rd5 Kf7 47. Rxh5 Rb2 48. Rc5 Nd6 49. Bxd6 1-0